 Dungeon Crawl Stone Soup version 0.32-a0-643-ga006e7742e (webtiles) character file.

Game seed: 4003977050610653343

36642 PriceMaster the Reanimator (level 13, -12/102 HPs)
             Began as a Demonspawn Necromancer on Mar 3, 2024.
             Mangled by a sea snake (13 damage)
             ... on level 5 of the Lair of Beasts on Mar 8, 2024.
             The game lasted 00:44:12 (15718 turns).

PriceMaster the Reanimator (DsNe)                  Turns: 15718, Time: 00:44:13

Health: -12/102    AC: 14    Str: 17    XL:     13   Next: 54%
Magic:  0/27       EV: 19    Int: 23    God:
Gold:   699        SH:  0    Dex: 15    Spells: 7/32 levels left

rFire   . . .        M - +11 long sword "Sunor" {pain, *Rage Str+6}
rCold   + . .        (no shield)
rNeg    . . .        G - +3 ring mail {rC+}
rPois   .            s - +2 helmet
rElec   .            K - +0 cloak
rCorr   .            D - +1 pair of gloves
SInv    .            (no boots)
Will    .....        (no amulet)
Stlth   +            i - +6 ring of intelligence
HPRegen 0.37/turn    j - +5 ring of evasion
MPRegen 0.40/turn

%: random rage (20%), guardian spirit
@: lethally poisoned (-12 -> -77), on berserk cooldown, animating dead, hasted
and slowed, wreathed by umbra, very slow
A: magic shield, magic regeneration, sturdy frame 2, bedeviling, weakness
stinger 2, foul shadow 1
a: no special abilities


You were on level 5 of the Lair of Beasts.
You visited 2 branches of the dungeon, and saw 15 of its levels.

You collected 699 gold pieces.

Inventory:

Hand Weapons
 e - a +0 short sword
 h - a +0 dagger of draining
 k - a +0 dagger of venom
 F - a +1 dagger of speed
 M - the +11 long sword "Sunor" (weapon) {pain, *Rage Str+6}
   (You found it on level 7 of the Dungeon)

   Str+6:     It affects your strength (+6).
   *Rage:     It berserks you when you make melee attacks (+20% chance).
Missiles
 Q - a throwing net
Armour
 a - a +0 robe
 s - a +2 helmet (worn)
 A - a +0 pair of gloves
 C - a +0 ring mail of willpower
 D - a +1 pair of gloves (worn)
 G - a +3 ring mail of cold resistance (worn)
 K - a +0 cloak (worn)
Jewellery
 i - a +6 ring of intelligence (left hand)
 j - a +5 ring of evasion (right hand)
 p - a +5 ring of evasion
Talismans
 w - a beast talisman
Wands
 H - a wand of charming (17)
 J - a wand of warping (17)
 N - a wand of mindburst (33)
 O - a wand of polymorph (16)
 T - a wand of digging (5)
Scrolls
 g - 5 scrolls of amnesia
 l - 2 scrolls of fear
 n - 7 scrolls of teleportation
 o - a scroll of blinking
 r - 3 scrolls of vulnerability
 x - 2 scrolls of poison {unknown}
 y - a scroll of brand weapon
 L - 3 scrolls of revelation
 R - a scroll of fog {unknown}
 S - 4 scrolls of enchant weapon {unknown}
Potions
 c - 2 potions of invisibility
 d - 2 potions of degeneration
 f - 3 potions of brilliance
 m - a potion of resistance
 q - a potion of haste
 t - a potion of might {unknown}
 v - 5 potions of curing
 z - a potion of mutation {unknown}
 B - a potion of berserk rage {unknown}
 E - 2 potions of attraction {unknown}
 I - a potion of cancellation {unknown}
 P - 2 potions of lignification {unknown}


   Skills:
 * Level 9.6 Fighting
 + Level 1.7(4.8) Short Blades
 + Level 7.1(7.2) Long Blades
 + Level 2.1 Armour
 + Level 5.4 Dodging
 + Level 3.4 Stealth
 + Level 10.4 Spellcasting
 * Level 7.3 Conjurations
 + Level 2.3 Hexes
 + Level 14.9 Necromancy
 + Level 0.3 Alchemy


You had 7 spell levels left.
You knew the following spells:

 Your Spells              Type           Power      Damage    Failure   Level
a - Necrotise             Necr           100%       1d9       0%          1
b - Vampiric Draining     Necr           69%        2d10      1%          3
c - Curse of Agony        Necr           69%        N/A       1%          5
d - Animate Dead          Necr           69%        N/A       1%          4
e - Fugue of the Fallen   Necr           69%        N/A       1%          3
f - Anguish               Hex/Necr       33%        N/A       1%          4
g - Irradiate             Conj/Alch      14%        3d16      34%         5

Your spell library contained the following spells:

 Spells                   Type           Power      Damage    Failure   Level
 Magic Dart               Conj           100%       1d8       1%          1
 Ensorcelled Hibernation  Hex/Ice        50%        N/A       5%          2
 Blink                    Tloc           24%        N/A       9%          2
 Call Imp                 Summ           24%        N/A       9%          2
 Inner Flame              Hex/Fire       25%        N/A       11%         3
 Ignition                 Fire           6%         3d4       100%        8


Dungeon Overview and Level Annotations

Branches:
Dungeon (10/15)            Temple (0/1) D:5            Lair (5/5) D:10
  Slime (0/5) Lair:4
  Swamp: Lair:2-3    Shoals: Lair:2-3     Snake: Lair:2-3    Spider: Lair:2-3
    Orc: D:9-12

Altars:
Ashenzari
Cheibriados
Gozag
Hepliaklqana
Sif Muna
Vehumet
Yredelemnul

Shops:
D:4 [   D:8 *


Innate Abilities, Weirdness & Mutations

When hurt, damage is shared between your health and your magic reserves.
You regenerate magic rapidly.
Your movements are less encumbered by armour. (ER -4)
Your hexes are more powerful.
You have a tail ending in a sharp stinger.
You are faintly shadowed, very rarely releasing foul flame when damaged in melee.


Message History

A red film seems to cover your vision as you go berserk!
You feel yourself moving faster!
You feel mighty!
You slash the snapping turtle!
You kill the snapping turtle!
Your fugue has ended.
You hear a bellow!
You hear an angry hiss.
You feel a strong urge to attack something.
The sea snake bites you but does no damage.
You feel your anger nearly subside. The sea snake completely misses you.
You slash the plant!
The plant begins to die.
The plant writhes in agony!
You tail-slap the plant!
The plant is lightly damaged.
The sea snake closely misses you.
You slash the plant!
The plant writhes in agony!
The plant is moderately damaged.
The sea snake closely misses you.
Your snapping turtle zombie completely misses the sea snake.
Your unstable footing causes you to fumble your attack.
You are no longer berserk.
You are exhausted.
You feel yourself slow down. The sea snake bites you.
* * * LOW HITPOINT WARNING * * *
The yak closely misses you.
You feel better. The sea snake misses you.
Your snapping turtle zombie barely misses the sea snake.
The yak misses you. The sea snake bites you!
* * * LOW HITPOINT WARNING * * *
You are lethally poisoned!
The sea snake poisons you!
You feel yourself speed up.
* * * LOW HITPOINT WARNING * * *
You feel extremely sick.
A nearby plant withers and dies.
The sea snake bites you!
* * * LOW HITPOINT WARNING * * *
You are more poisoned.
The sea snake poisons you! The yak barely misses you.
Your snapping turtle zombie barely misses the sea snake.
The sea snake bites you!
You die...

#~~~~~~ ... #~~~~~~ ~....
#~~.~~##.....
#.~~#~##~.... .#
#~~~~.~~..# ...##
#~~~~~†~~## ....#
#~~~#~##.#.#...#
#~..S~##~##....##
#~Z~Y@~†~~......##
#†~~~P~~..P......#
P~~~~⌠~ß~.~~##.......#
##########~~##.†.....###
P~P~ ~~P~~~~~P~........#
~~~~ .~~P~~~~~.###....##
~.~P #~~~#~~##.##....P#
~##~~##~~~#~~~#...#....##
.~~~~~~~.~~~~~...#).....#


You could see a sea snake (ally target), a yak and a friendly snapping turtle
zombie.

Vanquished Creatures
  A hydra (Lair:5)
  2 death yaks (Lair:3)
  A skyshark (Lair:5)
  A sea snake (Lair:5)
  A deep elf pyromancer (D:8)
  An ugly thing (D:8)
  A manticore (D:8)
  An elephant (Lair:5)
  A black mamba (Lair:4)
  3 cane toads
  4 rime drakes
  3 komodo dragons
  3 hornets
  8 blink frogs
  2 snapping turtles (Lair:5)
  Sigmund (D:7)
  33 yaks
  A wraith (D:8)
  3 wyverns (Lair:3)
  7 humans (D:7)
  A steam dragon (D:8)
  7 water moccasins
  2 black bears
  3 ice beasts
  2 sky beasts (D:8)
  4 orc warriors
  3 ogres
  17 wolves
  6 centaurs
  3 bullfrogs
  A gnoll sergeant (D:9)
  4 wights
  2 howler monkeys (D:10)
  4 hounds
  3 orc priests
  3 jellies
  A sleepcap (D:7)
  A gnoll bouda (D:5)
  2 iguanas
  10 orc wizards
  3 hell rats
  11 gnolls
  7 adders
  A shadow imp (D:7)
  A white imp (D:5)
  3 dart slugs (D:2)
  2 ribbon worms
  25 orcs
  7 endoplasms
  3 giant cockroaches
  2 goblins
  8 hobgoblins
  5 jackals
  6 kobolds
  3 quokkas
  7 ball pythons
  4 bats
  2 frilled lizards
  6 rats
263 creatures vanquished.

Vanquished Creatures (collateral kills)
  Kirke (Lair:3)
  A hydra (Lair:3)
  3 death yaks (Lair:3)
  3 elephants (Lair:5)
  A cane toad (Lair:5)
  2 rime drakes
  3 komodo dragons
  9 blink frogs
  A hornet (D:9)
  3 wyverns (Lair:3)
  12 yaks
  3 basilisks (Lair:3)
  Menkaure (D:5)
  2 water moccasins
  A black bear (D:8)
  6 wolves
  4 bullfrogs
  A wight (D:9)
  4 jellies (Lair:4)
  An orc wizard (D:8)
  4 hell rats
  4 orcs
  A jackal (D:7)
  A quokka (D:2)
72 creatures vanquished.

Vanquished Creatures (others)
  An ugly thing zombie (D:8)
  A manticore (Lair:5)
  A torpor snail (Lair:4)
  A cane toad (Lair:4)
  A gargoyle (D:10)
  A death yak zombie (Lair:3)
  A komodo dragon (Lair:3)
  A troll (D:10)
  A hornet (Lair:5)
  6 yaks
  A basilisk (Lair:3)
  A skyshark zombie (Lair:5)
  An elf zombie (D:8)
  An orc warrior (D:10)
  5 blink frog zombies
  An elephant zombie (Lair:5)
  2 wolves (Lair:4)
  2 rime drake zombies (Lair:3)
  A komodo dragon zombie (Lair:5)
  4 wyvern zombies (Lair:3)
  A water moccasin zombie (Lair:1)
  A wight (D:9)
  6 yak zombies (Lair:4)
  5 wolf zombies (Lair:1)
  A centaur zombie (D:8)
  3 bullfrog zombies
  3 human zombies (D:7)
  A basilisk zombie (Lair:3)
  An ice beast zombie (D:8)
  2 hound zombies (D:7)
  3 hell rat zombies
  A steam dragon zombie (D:8)
  2 orcs (D:9)
  2 gnoll zombies (D:9)
  6 orc zombies
72 creatures vanquished.

Grand Total: 407 creatures vanquished

Notes
Turn   | Place    | Note
-------+----------+-------------------------------------------
     0 | D:1      | PriceMaster the Demonspawn Necromancer began the quest for
                  | the Orb.
     0 | D:1      | Reached XP level 1. HP: 13/13 MP: 3/3
   335 | D:1      | Gained mutation: You have a small tail. [demonic ancestry]
   335 | D:1      | Reached XP level 2. HP: 13/19 MP: 3/5
  1059 | D:2      | Reached skill level 5 in Necromancy
  1107 | D:2      | Gained mutation: Your movements are slightly less
                  | encumbered by armour. (ER -2) [demonic ancestry]
  1107 | D:2      | Reached XP level 3. HP: 25/25 MP: 0/6
  1242 | D:2      | Learned a level 3 spell: Vampiric Draining
  1267 | D:2      | Reached skill level 1 in Fighting
  1951 | D:2      | Reached XP level 4. HP: 32/32 MP: 4/7
  2835 | D:3      | Found a shimmering blue altar of Sif Muna.
  2835 | D:3      | Found an opulent altar of Gozag.
  3115 | D:4      | Reached skill level 6 in Necromancy
  3326 | D:4      | Noticed a black bear
  3338 | D:4      | Killed a black bear
  3339 | D:4      | Gained mutation: You regenerate magic rapidly. [demonic
                  | ancestry]
  3339 | D:4      | Reached XP level 5. HP: 2/38 MP: 0/9
  3850 | D:4      | Found Yclit's Armour Emporium.
  3882 | D:4      | Found a radiant altar of Vehumet.
  4037 | D:4      | Gained mutation: You are faintly shadowed, very rarely
                  | releasing foul flame when damaged in melee. [demonic
                  | ancestry]
  4037 | D:4      | Reached XP level 6. HP: 45/45 MP: 6/10
  4159 | D:4      | Learned a level 5 spell: Curse of Agony
  4205 | D:4      | Reached skill level 7 in Necromancy
  4331 | D:5      | Entered Level 5 of the Dungeon
  4331 | D:5      | Found a hazy altar of Hepliaklqana.
  4357 | D:5      | Found a staircase to the Ecumenical Temple.
  4368 | D:5      | Reached XP level 7. HP: 52/52 MP: 9/12
  4811 | D:5      | Noticed Menkaure
  4834 | D:5      | Killed Menkaure
  4835 | D:5      | Reached skill level 1 in Short Blades
  4835 | D:5      | Reached skill level 8 in Necromancy
  5508 | D:5      | Reached skill level 1 in Armour
  5508 | D:5      | Gained mutation: Your movements are less encumbered by
                  | armour. (ER -4) [demonic ancestry]
  5508 | D:5      | Reached XP level 8. HP: 54/60 MP: 1/14
  5758 | D:5      | Learned a level 4 spell: Animate Dead
  6756 | D:6      | Learned a level 3 spell: Fugue of the Fallen
  6897 | D:7      | Identified the +11 long sword "Sunor" {pain, *Rage Str+6}
  6952 | D:7      | Reached skill level 5 in Spellcasting
  6956 | D:7      | Reached skill level 9 in Necromancy
  7178 | D:7      | Noticed Sigmund
  7192 | D:7      | Reached skill level 1 in Long Blades
  7195 | D:7      | Gained mutation: You have a tail ending in a sharp stinger.
                  | [demonic ancestry]
  7195 | D:7      | Reached XP level 9. HP: 66/66 MP: 11/17
  7212 | D:7      | Reached skill level 10 in Necromancy
  7214 | D:7      | Reached skill level 5 in Fighting
  7240 | D:7      | Killed Sigmund
  8040 | D:8      | Gained mutation: When hurt, damage is shared between your
                  | health and your magic reserves. [demonic ancestry]
  8040 | D:8      | Reached XP level 10. HP: 76/76 MP: 17/20
  8055 | D:8      | Noticed a manticore
  8056 | D:8      | Reached skill level 11 in Necromancy
  8061 | D:8      | Killed a manticore
  8117 | D:8      | Noticed a white ugly thing
  8138 | D:8      | Killed a white ugly thing
  8252 | D:8      | Noticed a deep elf pyromancer
  8285 | D:8      | Killed a deep elf pyromancer
  8705 | D:8      | Found a broken altar of Ashenzari.
  8903 | D:8      | Found Ryotut's Lightly-Used Armoury.
  8930 | D:8      | Upgraded the game from 0.32-a0-599-gba8f9cf90e to
                  | 0.32-a0-607-g64ea0e4219
  8973 | D:9      | Found a snail-covered altar of Cheibriados.
  9123 | D:9      | Reached skill level 12 in Necromancy
  9144 | D:9      | Learned a level 4 spell: Anguish
  9945 | D:9      | Noticed a meliai
  9945 | D:9      | Noticed a cyclops
 10341 | D:9      | Found a basalt altar of Yredelemnul.
 10448 | D:10     | Entered Level 10 of the Dungeon
 10529 | D:10     | Gained mutation: Your hexes are more powerful. [demonic
                  | ancestry]
 10529 | D:10     | Reached XP level 11. HP: 83/83 MP: 6/22
 10835 | D:10     | Learned a level 5 spell: Irradiate
 10929 | D:10     | Found a staircase to the Lair.
 11404 | Lair:1   | Entered Level 1 of the Lair of Beasts
 11417 | Lair:1   | Reached skill level 1 in Conjurations
 11426 | Lair:1   | Reached skill level 13 in Necromancy
 11636 | Lair:1   | Reached skill level 5 in Long Blades
 12416 | Lair:2   | You fall into a shaft and drop 1 floor!
 12534 | Lair:3   | Reached XP level 12. HP: 92/92 MP: 12/25
 12550 | Lair:3   | Noticed a death yak
 12552 | Lair:3   | Noticed a death yak
 12552 | Lair:3   | Noticed a death yak
 12552 | Lair:3   | Noticed a death yak
 12552 | Lair:3   | Noticed a death yak
 12556 | Lair:3   | Killed a death yak
 12563 | Lair:3   | Killed a death yak
 12565 | Lair:3   | Killed a death yak
 12572 | Lair:3   | Killed a death yak
 12573 | Lair:3   | Reached skill level 5 in Conjurations
 12585 | Lair:3   | Killed a death yak
 12928 | Lair:3   | Reached skill level 1 in Hexes
 13383 | Lair:3   | Noticed a six-headed hydra
 13384 | Lair:3   | Reached skill level 14 in Necromancy
 13397 | Lair:3   | Reached skill level 5 in Dodging
 13405 | Lair:3   | Killed an eight-headed hydra
 13426 | Lair:3   | Noticed Kirke
 13432 | Lair:3   | Killed Kirke
 14707 | Lair:4   | Reached XP level 13. HP: 101/101 MP: 19/26
 14737 | Lair:4   | Found a staircase to the Slime Pits.
 14860 | Lair:4   | Reached skill level 10 in Spellcasting
 15504 | Lair:5   | Entered Level 5 of the Lair of Beasts
 15622 | Lair:5   | Upgraded the game from 0.32-a0-607-g64ea0e4219 to
                  | 0.32-a0-643-ga006e7742e
 15718 | Lair:5   | HP: 1/102 [sea snake (6)]
 15718 | Lair:5   | Mangled by a sea snake

Illustrated notes

Levels and vault maps discovered:
D:1:      nicolae_arrival_somewhat_less_tricky_arrival, layout_loops_ring,
          serial_aquarium, aquarium_bridge_square [aquarium_subvault_bridge,
          aquarium_subvault_wall, aquarium_subvault_window,
          aquarium_subvault_bridge], aquarium_window_3, aquarium_window_corner,
          aquarium_view_2e, aquarium_balcony_1b
D:2:      layout_basic, basic_altar, eino_curves_01, hex_tiny
D:3:      layout_rooms, gammafunk_temple_overflow_pools, minmay_misc_feat_rows
D:4:      layout_gridville, general_overflow_altar, serial_shops, shop
D:5:      layout_loops_ring, nicolae_hepliaklqana_hazy_memory,
          minmay_temple_entry_crystal_x, uniq_menkaure
D:6:      layout_loops_cross
D:7:      erik_cavepeople, layout_basic, minmay_misc_feat_rugged,
          lemuel_flamethrower_2, uniq_jeremiah, uniq_maggie
D:8:      minmay_ornate_pinched, layout_gridville,
          mainiacjoe_overflow_small_starburst, minmay_shop_damaged
D:9:      layout_roguey, mainiacjoe_overflow_concentric_impassable,
          zin_scriptorium, kennysheep_mini, onia_ninara_dug_in_and_dangerous
D:10:     layout_irregular_city, lair_entry_dummy
Lair:1:   layout_hall_layers, infiniplex_staircase_pool
Lair:2:   layout_misc_corridors, swamp_mist,
          nicolae_spider_entry_lesser_pyramids, nicolae_volcano_entry_vermiform,
          chequers_serial_rivers_micro_c
Lair:3:   layout_long_grid, special_room [special_room_mythical_zoo], uniq_kirke
Lair:4:   layout_regular_city, nicolae_slime_entry_field_trip
Lair:5:   gammafunk_lair_ancient_temple, layout_long_grid

Skill      XL: |  1  2  3  4  5  6  7  8  9 10 11 12 13 |
---------------+----------------------------------------+-----
Necromancy     | 5 6 7 8 9 10 12 13 14 | 14.9
Fighting       | 1 2 3 4 5 6 8 9 |  9.6
Spellcasting   | 3 4 5 6 7 9 10 | 10.4
Stealth        | 2 3 |  3.4
Dodging        | 2 3 4 5 |  5.4
Short Blades   | 1 |  1.7
Armour         | 1 2 |  2.1
Long Blades    | 1 3 4 5 6 7 |  7.1
Conjurations   | 4 6 7 |  7.3
Hexes          | 1 2 |  2.3
Alchemy        | |  0.3

Action                     |  1- 3 |  4- 6 |  7- 9 | 10-12 | 13-15 || total
---------------------------+-------+-------+-------+-------+-------++-------
  Melee: Short sword       |     3 |       |       |       |       ||     3
         Dagger            |     9 |    35 |   118 |       |       ||   162
         Tailslap          |     1 |     5 |    41 |    34 |    13 ||    94
         Long sword        |       |       |    69 |   248 |    66 ||   383
   Cast: Necrotise         |    58 |    68 |    34 |    11 |     2 ||   173
         Vampiric Draining |       |     4 |     6 |    21 |     3 ||    34
         Curse of Agony    |       |     1 |    18 |    23 |     6 ||    48
         Animate Dead      |       |       |    15 |    24 |     4 ||    43
         Fugue of the Fall |       |       |    11 |    34 |     7 ||    52
         Anguish           |       |       |       |    25 |    17 ||    42
         Irradiate         |       |       |       |       |     3 ||     3
  Evoke: Wand              |       |       |     1 |     1 |       ||     2
    Use: Scroll            |     4 |     2 |     1 |     9 |     3 ||    19
         Potion            |       |     1 |     2 |     7 |     3 ||    13
   Stab: Distracted        |       |       |       |     3 |       ||     3
 Armour: Robe              |     8 |    29 |       |       |       ||    37
         Ring mail         |       |       |    91 |   259 |    64 ||   414
  Dodge: Dodged            |    26 |    43 |   160 |   550 |   141 ||   920
   Form: Beast             |       |     1 |       |       |       ||     1
                           |       |     1 |       |       |       ||     1

Table legend: (Time is in decaauts)
 A = Elapsed time spent in this place.
 B = Non-inter-level travel time spent in this place.
 C = Inter-level travel time spent in this place.
 D = Time resting spent in this place.
 E = Time spent auto-exploring this place.
 F = Levels seen in this place.
 G = Mean time per level.
                   A        B        C        D        E       F      G
               +--------+--------+--------+--------+--------+-----+--------+
         Total |  16041 |  15573 |    468 |   4697 |   7922 |  15 | 1069.4 |
       Dungeon |  11580 |  11158 |    422 |   3040 |   6233 |  10 | 1158.0 |
          Lair |   4461 |   4415 |     46 |   1656 |   1689 |   5 |  892.2 |
               +--------+--------+--------+--------+--------+-----+--------+

Top non-repeatable levels by time:
  Lair:3: 1962 daAuts
     D:5: 1567 daAuts
     D:9: 1532 daAuts
     D:4: 1342 daAuts
     D:2: 1302 daAuts
     D:8: 1289 daAuts
  Lair:4: 1203 daAuts
     D:1: 1053 daAuts
    D:10: 979 daAuts
     D:7: 961 daAuts
     D:6: 922 daAuts
  Lair:1: 843 daAuts
     D:3: 629 daAuts
  Lair:5: 227 daAuts
  Lair:2: 224 daAuts
